AoeStats
← Mclovin

Arabia

509785517Analyzed
2v2 RM · 3d ago on Sep 28, 2026· 41m 3s· 4 players
Game mode
Random Map
Map size
Medium (4 player)
Population
200
Speed
Normal
Resources
Standard
Victory
Conquest
Starting age
Dark Age
Ending age
Imperial Age
RankedLock teamsTeams togetherTeam positionsShared explorationLock speedFull tech treeHidden civsTurbo modeCheats
Victory
Defeat
🇨🇱 Franks · Chile
798
+16
🇨🇱 Britons · Chile
796
+16
🇧🇷 Spanish · Brazil
833
-17
🇪🇸 Berbers · Spain
776
-15
Super Cerdo
5:53 Loom
11:23 Feudal Age
12:04 Double-Bit Axe
20:38 Castle Age
20:47 Pikeman
21:45 Forging
24:05 Bloodlines
23:56 Husbandry
24:37 Iron Casting
33:54 Scale Barding Armor
35:28 Light Cavalry
Mclovin
0:55 Loom
11:17 Feudal Age
14:03 Wheelbarrow
13:29 Double-Bit Axe
15:40 Horse Collar
18:27 Fletching
19:28 Padded Archer Armor
24:40 Castle Age
27:02 Elite Skirmisher
36:47 Leather Archer Armor
38:25 Bloodlines
38:42 Gold Mining
43:04 Imperial Age
Don Genuino
7:39 Loom
11:09 Feudal Age
15:18 Double-Bit Axe
16:13 Forging
17:47 Scale Barding Armor
23:17 Castle Age
24:11 Husbandry
24:08 Light Cavalry
26:16 Bow Saw
27:41 Iron Casting
27:27 Chain Barding Armor
36:25 Imperial Age
33:52 Fletching
34:25 Ballistics
39:25 Cavalier
41:14 Blast Furnace
40:50 Plate Barding Armor
40:11 Bodkin Arrow
RealCrossbow
7:58 Loom
10:24 Feudal Age
10:57 Double-Bit Axe
15:31 Fletching
23:44 Castle Age
23:34 Scale Mail Armor
23:47 Crossbowman
23:50 Pikeman
24:45 Bow Saw
24:59 Bodkin Arrow
25:04 Padded Archer Armor
28:33 Wheelbarrow
31:40 Leather Archer Armor
31:39 Forging
37:23 Town Watch
38:51 Squires
Connection lost

Rejoining the realm…

Still unreachable

The connection could not be restored.

Session expired

The server has moved on; the page needs a fresh start.